AoeStats
← SaulSarro

Four Lakes

509497502Analyzed
1v1 RM · 4d ago on Sep 27, 2026· 28m 14s· 2 players
Game mode
Random Map
Map size
Tiny (2 player)
Population
200
Speed
Normal
Resources
Standard
Victory
Conquest
Starting age
Dark Age
Ending age
Imperial Age
RankedLock teamsTeams togetherTeam positionsShared explorationLock speedFull tech treeHidden civsTurbo modeCheats
Victory
Defeat
🇲🇽 Malay · Mexico
786
+16
🇵🇹 Franks · Portugal
789
-16
SaulSarro
1:53 Loom
11:23 Feudal Age
11:34 Double-Bit Axe
11:58 Town Watch
12:51 Fishing Lines
13:49 Stone Mining
13:50 Gold Mining
13:56 Gold Mining
15:15 Horse Collar
16:44 Arson
18:21 Forging
22:44 Castle Age
22:27 Town Watch
25:20 Gold Shaft Mining
25:31 Iron Casting
24:59 Squires
27:15 Gillnets
27:39 Heavy Plow
KUYARZERA
11:39 Feudal Age
15:45 Castle Age
16:03 Double-Bit Axe
23:31 Fletching
24:15 Ballistics
24:56 Bow Saw
25:10 Loom
25:39 Fishing Lines
27:55 Bodkin Arrow
28:28 Murder Holes
Connection lost

Rejoining the realm…

Still unreachable

The connection could not be restored.

Session expired

The server has moved on; the page needs a fresh start.